 Dungeon Crawl Stone Soup version 0.29-a0-340-g6efceafd81 (webtiles) character file.

Game seed: 1264681938454792318

350 zeratav the Cutter (level 6, -8/33 HPs)
             Began as a Vine Stalker Fighter on Apr 20, 2022.
             Mangled by a gnoll
             ... wielding a +0 halberd
              (11 damage)
             ... while paralysed by Grinder
             ... on level 4 of the Dungeon.
             The game lasted 00:07:01 (2725 turns).

zeratav the Cutter (Vine Stalker Fighter)           Turns: 2725, Time: 00:07:02

Health: -8/33      AC:  8    Str: 18    XL:     6   Next: 61%
Magic:  0/7        EV:  2    Int:  8    God:
Gold:   195        SH:  0    Dex: 16    Spells: 5/5 levels left

rFire   . . .      SeeInvis .   C - +7 staff of the Meek {protect, meekguard, staff}
rCold   . . .      Faith    .   (shield currently unavailable)
rNeg    . . .      Spirit   +   b - +0 scale mail
rPois   .          Reflect  .   (no helmet)
rElec   .          Harm     .   v - +0 cloak
rCorr   .          Rampage  .   (no gloves)
Will    +....                   (no boots)
Stlth   ..........              i - amulet of magic regeneration {@e2}
HPRegen 0.91/turn               j - ring of willpower
MPRegen 0.50/turn               (no ring)

@: paralysed
A: fangs 2, regeneration 1, magic shield, antimagic bite, no potion heal 2
a: no special abilities


You were on level 4 of the Dungeon.
You visited 2 branches of the dungeon, and saw 5 of its levels.

You collected 195 gold pieces.


Innate Abilities, Weirdness & Mutations

You have extremely sharp teeth.
Your natural rate of healing is unusually fast.
When hurt, damage is shared between your health and your magic reserves.
Your bite disrupts and absorbs the magic of your enemies.
Potions cannot restore your health.


   Skills:
 + Level 3.9 Fighting
 * Level 4.4 Short Blades
 + Level 3.5 Armour
 - Level 3.0 Shields


You had 5 spell levels left.
You didn't know any spells.
Your spell library contained the following spells:

 Spells                   Type           Power      Damage    Failure   Level
 Beastly Appendage        Tmut           0%         N/A       80%         1
 Magic Dart               Conj           0%         1d3       80%         1
 Call Imp                 Summ           0%         N/A       90%         2
 Wereblood                Tmut           0%         N/A       90%         2
 Dazzling Flash           Conj/Hex       0%         N/A       99%         3
 Mephitic Cloud           Conj/Pois/Air  0%         N/A       99%         3
 Spider Form              Tmut/Pois      0%         N/A       99%         3
 Agony                    Necr           0%         N/A       100%        5
 Silence                  Hex/Air        0%         N/A       100%        5

Inventory:

Hand Weapons
 a - a +0 rapier {short}
 C - the +7 staff of the Meek (weapon) {protect, meekguard, staff}
   (You found it on level 3 of the Dungeon)

   It grants its wielder temporary protection when it strikes (+7 to AC).
   It provides extra protection to wielders with little health.
Armour
 b - a +0 scale mail (worn)
 c - a +0 buckler
 e - a +0 ring mail
   (You found it on level 3 of the Dungeon)
 v - a +0 cloak (worn)
   (You found it on level 2 of the Dungeon)
 x - a +0 robe of cold resistance
   (You found it on level 3 of the Dungeon)
 y - a +0 robe
   (You found it on level 4 of the Dungeon)
Jewellery
 i - an amulet of magic regeneration (around neck) {@e2}
   (You found it on level 4 of the Dungeon)
 j - a ring of willpower (left hand)
   (You found it on level 1 of the Dungeon)
 r - an amulet of guardian spirit
   (You found it on level 4 of the Dungeon)
Scrolls
 f - 3 scrolls of identify {unknown}
 g - 2 scrolls of amnesia {unknown}
 l - 2 scrolls of teleportation {unknown}
 p - a scroll of fog {unknown}
 q - a scroll of blinking {unknown}
 t - a scroll of summoning {unknown}
 u - a scroll of enchant weapon {unknown}
 z - a scroll of noise {unknown}
 A - a scroll of torment {unknown}
Potions
 d - 3 potions of might
 h - 2 potions of heal wounds {unknown}
 k - 2 potions of curing {unknown}
 m - 2 potions of flight {unknown}
 n - a potion of cancellation {unknown}
 o - a potion of attraction {unknown}
 s - a potion of brilliance {unknown}
Miscellaneous
 w - a piece from Xom's chessboard (15/15)
   (You found it on level 3 of the Dungeon)

Dungeon Overview and Level Annotations

Branches:
Dungeon (4/15)             Temple (1/1) D:4

Altars:
Dithmenos
Gozag
Hepliaklqana
Makhleb
Nemelex Xobeh
Okawaru
Qazlal
Sif Muna
Trog
Vehumet
Wu Jian
Xom
Beogh

Shops:
D:3 (

Annotations:
D:4 Grinder

..# ###........#.....# ..#
#........#...>.# ..#
#........'.....# ..#
#......g.#.....#
..###########........#######
..#....#.....###'###........
..#....#.....#..g..#........
..#....#.....#.5...#........
..'....#.....#..@g.#.....?§.
..#....'.....'..>..+...♣♣♣♣♣
..#....#.....#.....#..♣.
..#....#.....#.....#..♣.≈
..#....#.....#.....#
..######.....###+### ...
......### ...........#
........#


You could see Grinder, a gnoll shaman and a gnoll.


Message History

The gnoll barely misses you.
The gnoll hits you from afar with a +0 halberd!
The goblin hits you with a +0 club. The gnoll barely misses you.
The goblin hits you with a +0 club.
Grinder blinks!
The gnoll hits you from afar with a +0 halberd!
You can move again.
HP[-16] MP[-3]
You take 16 damage, and now have 17/33 hp.
MASSIVE DAMAGE!! (PAUSE)
You lost 3 mp, and now have 4/7 mp.
The goblin attacks as you move away! The goblin hits you but does no damage.
The gnoll closely misses you.
HP[+1]
The gnoll hits you from afar with a +0 halberd!
* * * LOW HITPOINT WARNING * * *
HP[-5] MP[-1]
You take 5 damage, and now have 13/33 hp.
You lost 1 mp, and now have 3/7 mp.
The goblin attacks as you move away! The goblin closely misses you.
The gnoll is no longer moving quickly.
HP[+1]
There is an open door here.
HP[+1] MP[+1]
The goblin attacks as you move away! The goblin hits you but does no damage.
HP[+1] HP[+1] MP[+1]
The goblin attacks as you move away! The goblin hits you but does no damage.
HP[+1]
There is a staircase to the Ecumenical Temple here.
HP[+1] MP[+1]
You can't go up here!
You can't go up here!
The goblin completely misses you.
You climb downwards.
Welcome to the Ecumenical Temple!
There is a staircase back to the Dungeon here.
HP[+1] MP[+1]
Your mp is fully restored (7).
You hit the goblin.
Your weapon exudes an aura of protection.
You bite the goblin.
You kill the goblin!
HP[+2]
You regained 2 hp, and now have 22/33 hp.
You see here a +0 club {mace}.
You open the gate.
Found three altars.
HP[+11]
Your hp is fully restored (33).
There is an open gate here.
Found a bloodstained altar of Trog.
Found a shimmering blue altar of Sif Muna.
Found a hazy altar of Hepliaklqana.
Found a sparkling altar of Nemelex Xobeh.
Found a burning altar of Makhleb.
Found an opulent altar of Gozag and an iron altar of Okawaru.
There is a burning altar of Makhleb here.
Done exploring.
Search for what [? for help]? usk Can't find anything matching that.
(D) Dungeon (T) Temple
Where to? (Enter - D:4 @ (x,y), ? - help)
There is a radiant altar of Vehumet here.
There is an open gate here.
There is a staircase back to the Dungeon here.
You climb upwards.
Welcome back to the Dungeon!
You hear the hiss of flowing sand.
There is an entrance to an ossuary on this level.
Hurry and find it before the portal is buried!
You hear the sound of rushing water.
There is an entrance to a sewer on this level.
Hurry and find it before the portal rusts away!
Level annotation: Grinder You hear the brisk hiss of a very distant avalanche of sand.
You hear the brisk rusting of a drain nearby.
Grinder gestures at you.
You easily resist.
The gnoll shaman calls down the wrath of its god upon you.
You resist with almost no effort.
There is a staircase to the Ecumenical Temple here.
The gnoll shaman hits you with a +0 club.
HP[-5] MP[-1]
You take 5 damage, and now have 28/33 hp.
You lost 1 mp, and now have 6/7 mp.
You barely miss the gnoll shaman.
The gnoll shaman hits you but does no damage.
HP[+1]
You closely miss the gnoll shaman. You bite the gnoll shaman.
You drain its power.
You feel invigorated.
The gnoll shaman hits you but does no damage.
Grinder gestures at you.
You suddenly lose the ability to move!
Grinder hits you!
You writhe in agony.
The gnoll hits you from afar with a +0 halberd!
* * * LOW HITPOINT WARNING * * *
The gnoll shaman hits you but does no damage.
The gnoll hits you from afar with a +0 halberd!
* * * LOW HITPOINT WARNING * * *
Grinder hits you but does no damage.
The gnoll shaman hits you with a +0 club.
* * * LOW HITPOINT WARNING * * *
The gnoll hits you from afar with a +0 halberd!
You die...

Skill      XL: |  1  2  3  4  5 |
---------------+----------------+-----
Short Blades   | 2 3 4 |  4.4
Shields        | 3 |  3.0
Fighting       | 3 |  3.9
Armour         | 3 |  3.5

Action                   |  1- 3 |  4- 6 || total
-------------------------+-------+-------++-------
Melee: Rapier            |   120 |    74 ||   194
       Bite              |    26 |    30 ||    56
       Quarterstaff      |       |    47 ||    47
Armor: Scale mail        |    48 |    77 ||   125
Dodge: Dodged            |    60 |    54 ||   114
Block: Buckler           |    22 |     8 ||    30

Levels and vault maps discovered:
D:1:      dpeg_arrival_caged_fury, layout_loops_corners
D:2:      layout_basic, dreamdust_ecumenical_altar_drowned_temple
D:3:      layout_rooms, mainiacjoe_overflow_boulevard, xom_butterflies,
          serial_shops, nicolae_shop_bloodbath_and_beyond,
          pf_guarded_unrand_meek, uniq_natasha
D:4:      layout_gridville, mainiacjoe_overflow_paths, temple_green,
          portal_sewer_entry_d, nicolae_ossuary_entry_false_entrances,
          uniq_grinder
Temple:   cyrus_temple_forest

Notes
Turn   | Place    | Note
-------+----------+-------------------------------------------
     0 | D:1      | zeratav the Vine Stalker Fighter began the quest for the
                  | Orb.
     0 | D:1      | Reached XP level 1. HP: 11/11 MP: 2/2
     0 | D:1      | magus.rc [v1.9.6]
     1 | D:1      | Found a runed translucent door.
   114 | D:1      | Reached skill level 2 in Short Blades
   118 | D:1      | Reached XP level 2. HP: 15/16 MP: 3/3
   263 | D:1      | You pick up a book of the Senses and begin reading...
   263 | D:1      | You add the spells Dazzling Flash, Agony and Silence to
                  | your library.
   454 | D:1      | Reached XP level 3. HP: 19/19 MP: 4/4
   472 | D:1      | You pick up a book of Minor Magic and begin reading...
   472 | D:1      | You add the spells Magic Dart, Call Imp and Mephitic Cloud
                  | to your library.
  1061 | D:1      | Reached skill level 3 in Shields
  1062 | D:1      | Reached skill level 3 in Fighting
  1356 | D:2      | Found a faded altar of an unknown god.
  1456 | D:2      | Gained mutation: Your natural rate of healing is unusually
                  | fast. [Vine Stalker growth]
  1456 | D:2      | Reached XP level 4. HP: 24/24 MP: 5/5
  1750 | D:2      | Reached skill level 3 in Short Blades
  1882 | D:3      | Found a shimmering altar of Xom.
  1909 | D:3      | You pick up a book of Changes and begin reading...
  1909 | D:3      | You add the spells Beastly Appendage, Wereblood and Spider
                  | Form to your library.
  2008 | D:3      | Reached skill level 3 in Armour
  2010 | D:3      | Found Bujuinuff's Weapon Boutique.
  2070 | D:3      | You pick up a book of Changes and begin reading...
  2114 | D:3      | Reached XP level 5. HP: 28/28 MP: 6/6
  2127 | D:3      | Found a shadowy altar of Dithmenos.
  2165 | D:3      | Found the +7 staff of the Meek {protect, meekguard}
  2242 | D:3      | Noticed Natasha
  2256 | D:3      | Killed Natasha
  2356 | D:3      | Noticed Natasha
  2361 | D:3      | Killed Natasha
  2362 | D:3      | Reached skill level 4 in Short Blades
  2460 | D:4      | Reached XP level 6. HP: 22/32 MP: 3/7
  2521 | D:4      | Found a staircase to the Ecumenical Temple.
  2608 | D:4      | Noticed Grinder
  2608 | D:4      | Paralysed by Grinder for 6 turns
  2623 | Temple   | Entered the Ecumenical Temple
  2723 | D:4      | Paralysed by Grinder for 4 turns
  2724 | D:4      | HP: 6/33 [gnoll/+0 halberd (9)]
  2725 | D:4      | Mangled by a gnoll

Vanquished Creatures
  An ogre (D:4)
  An orc priest (D:3)
  Natasha (twice) (D:3)
  4 gnolls (D:4)
  4 adders
  4 worms
  A dart slug (D:1)
  6 orcs
  4 ball pythons
  5 bats
  11 endoplasms
  9 giant cockroaches
  6 goblins
  4 hobgoblins
  11 jackals (D:1)
  2 quokkas
  A frilled lizard (D:1)
  5 kobolds
  10 rats
  A spectral kobold (D:2)
92 creatures vanquished.

Vanquished Creatures (others)
  A fungus (D:3)
1 creature vanquished.

Grand Total: 93 creatures vanquished

Table legend:
 A = Non-vault XP
 B = Vault XP
 C = Vault XP percentage of total XP
 D = Non-vault monster count
 E = Vault monster count
 F = Vault count percentage of total count
                 A         B        C        D         E       F
            +---------+---------+-------+---------+---------+-------
      Total |     389 |     112 |  22.4 |      72 |      20 |  21.7
            +---------+---------+-------+---------+---------+-------
        D:1 |      42 |      24 |  36.4 |      22 |      14 |  38.9
        D:2 |      43 |       1 |   2.3 |      14 |       1 |   6.7
        D:3 |     116 |      87 |  42.9 |      26 |       5 |  16.1
        D:4 |     186 |       0 |   0.0 |       9 |       0 |   0.0
     Temple |       2 |       0 |   0.0 |       1 |       0 |   0.0
            +---------+---------+-------+---------+---------+-------

Illustrated notes

Table legend:
 A = Kills in this place as a percentage of kills in entire the game.
 B = Kills by you in this place as a percentage of kills by you in the entire game.
 C = Kills by friends in this place as a percentage of kills by friends in the entire game.
 D = Other kills in this place as a percentage of other kills in the entire game.
 E = Experience gained in this place as a percentage of experience gained in the entire game.
 F = Experience gained in this place divided by the number of levels of this place that you have seen.
                   A       B       C       D       E      F
               +-------+-------+-------+-------+-------+----------------------
         Total | 100.0 | 100.0 |   N/A |   N/A | 100.0 | 100.2
       Dungeon |  98.9 |  98.9 |   N/A |   N/A |  99.6 | 124.8
        Temple |   1.1 |   1.1 |   N/A |   N/A |   0.4 |   2.0
               +-------+-------+-------+-------+-------+----------------------

Table legend: (Time is in decaauts)
 A = Elapsed time spent in this place.
 B = Non-inter-level travel time spent in this place.
 C = Inter-level travel time spent in this place.
 D = Time resting spent in this place.
 E = Time spent auto-exploring this place.
 F = Levels seen in this place.
 G = Mean time per level.
                   A        B        C        D        E       F      G
               +--------+--------+--------+--------+--------+-----+--------+
         Total |   2768 |   2665 |    103 |      0 |   2007 |   5 |  553.6 |
       Dungeon |   2671 |   2602 |     69 |      0 |   1953 |   4 |  667.8 |
        Temple |     97 |     63 |     34 |      0 |     54 |   1 |   97.0 |
               +--------+--------+--------+--------+--------+-----+--------+

Top non-repeatable levels by time:
     D:1: 1124 daAuts
     D:2: 781 daAuts
     D:3: 511 daAuts
     D:4: 252 daAuts
  Temple: 97 daAuts
